 Dungeon Crawl Stone Soup version 0.29.1-15-g9cfb28693d (webtiles) character file.

Game seed: 1643071506276439004

222 Coron the Chopper (level 6, -6/52 HPs)
             Began as a Meteoran Fighter on Mar 23, 2023.
             Was a Believer of Okawaru.
             Mangled by Pikel
             ... wielding a +1 whip of freezing
              (8 damage)
             ... on level 4 of the Dungeon.
             The game lasted 00:06:12 (949 turns).

Coron the Chopper (Meteoran Fighter)                 Turns: 949, Time: 00:06:13

Health: -6/52      AC:  7    Str: 19    XL:     6   Next: 43%
Magic:  7/7        EV:  9    Int: 10    God:    Okawaru [**....]
Gold:   72         SH:  5    Dex: 14    Spells: 5/5 levels left

rFire   . . .      SeeInvis .   a - +0 war axe
rCold   . . .      Faith    .   c - +0 buckler
rNeg    . . .      Spirit   .   b - +0 scale mail
rPois   .          Reflect  .   (no helmet)
rElec   .          Harm     .   (no cloak)
rCorr   .          Rampage  .   (no gloves)
Will    .....                   (no boots)
Stlth   ..........              (no amulet)
HPRegen 0.17/turn               (no ring)
MPRegen 0.10/turn               (no ring)

@: mighty, glowing
A: sense surroundings 1, otherworldly, glowing, explore regen
a: Renounce Religion, Heroism


You were on level 4 of the Dungeon.
You worshipped Okawaru.
Okawaru was pleased with you.
You visited 1 branch of the dungeon, and saw 5 of its levels.

You collected 72 gold pieces.

Inventory:

Hand Weapons
 a - a +0 war axe (weapon)
Missiles
 h - 2 poisoned darts (quivered)
Armour
 b - a +0 scale mail (worn)
 c - a +0 buckler (worn)
 m - a +0 chain mail
Wands
 l - a wand of flame (14)
Scrolls
 e - a scroll of identify
 j - a scroll of amnesia
 k - a scroll of summoning
 o - a scroll of magic mapping {unknown}
Potions
 g - a potion of degeneration {unknown}
 i - a potion of cancellation {unknown}
 n - a potion of brilliance {unknown}
 p - 2 potions of resistance {unknown}


   Skills:
 - Level 4.0 Fighting
 + Level 5.6 Axes
 - Level 5.0 Armour
 - Level 4.0 Shields


You had 5 spell levels left.
You didn't know any spells.
Your spell library contained the following spells:

 Spells                   Type           Power      Damage    Failure   Level
 Ensorcelled Hibernation  Hex/Ice        0%         N/A       91%         2
 Spider Form              Tmut/Pois      0%         N/A       99%         3
 Anguish                  Hex/Necr       0%         N/A       100%        4
 Fulminant Prism          Conj/Hex       0%         3d6       100%        4
 Iskenderun's Mystic Bla  Conj/Tloc      0%         2d3       100%        4
 Lee's Rapid Deconstruct  Erth           0%         3d5*      100%        5


Dungeon Overview and Level Annotations

Branches:
Dungeon (5/15) Zot: 1986
 Temple: D:4-7

Altars:
Okawaru

Annotations:
D:2 Terence
D:4 Pikel


Innate Abilities, Weirdness & Mutations

You passively map a small area around you.
You are easily found by Zot.
You glow in the dark.
You regain HP and MP as you explore.


Message History

Pikel hits you but does no damage.
A hound comes into view.
The hound barks!
You hit Pikel.
Pikel is moderately wounded.
Pikel hits you but does no damage.
You closely miss Pikel.
Pikel is moderately wounded.
Pikel hits you with a +1 whip of freezing.
Pikel freezes you. You block Pikel's attack.
You closely miss Pikel.
Pikel is moderately wounded.
Pikel hits you with a +1 whip of freezing.
* * * LOW HITPOINT WARNING * * *
Pikel freezes you.
* * * LOW HITPOINT WARNING * * *
You feel much better. You block Pikel's attack.
You slice Pikel!!
Pikel is almost dead.
You block Pikel's attack.
You barely miss Pikel.
Pikel is almost dead.
Pikel hits you with a +1 whip of freezing!
Pikel freezes you.
You barely miss Pikel.
Pikel is almost dead.
Pikel hits you with a +1 whip of freezing.
Pikel freezes you.
* * * LOW HITPOINT WARNING * * *
Pikel hits you with a +1 whip of freezing!
* * * LOW HITPOINT WARNING * * *
Pikel freezes you.
* * * LOW HITPOINT WARNING * * *
Aiming: Throw Flame
Press: ? - help, Shift-Dir - straight line, f - Pikel
Aim: Pikel, wielding a +1 whip of freezing and wearing a +0 robe (almost dead, 60% to hit)
The puff of flame hits Pikel.
Pikel is almost dead.
Pikel hits you with a +1 whip of freezing!
You die...

#.#..............#.#
,
..######.#####......#
.. *
..#...........##.####
..#
...#.....####......
..#
.#.#.......##..*####
* ...#
.#.#...#.......###
####...#
.#.#...######...h#
#....# .#.#...#
*.#K####....#
.#.#...#
#@........####
.#.#...# ***
#####.........
........ #.........#.
##, *
*######.#.#####.# .#
, #............# #
.#, *.####.......# .#
* , #.#######* * .# *
* #.# .#,* * #.#


You could see Pikel and a hound.

Vanquished Creatures
  A black bear (D:5)
  A howler monkey (D:5)
  A gnoll (D:1)
  2 adders
  4 dart slugs
  5 orcs (D:2)
  4 ball pythons
  A bat (D:3)
  3 endoplasms
  3 giant cockroaches
  2 goblins
  7 hobgoblins
  4 jackals (D:2)
  3 quokkas
  4 frilled lizards
  6 kobolds
  3 rats
  A spectral kobold (D:2)
55 creatures vanquished.

Vanquished Creatures (others)
  3 plants (D:4)
3 creatures vanquished.

Grand Total: 58 creatures vanquished

Notes
Turn   | Place    | Note
-------+----------+-------------------------------------------
     0 | D:1      | Coron the Meteoran Fighter began the quest for the Orb.
     0 | D:1      | Reached XP level 1. HP: 19/19 MP: 2/2
    45 | D:2      | Found a faded altar of an unknown god.
    62 | D:2      | Prayed at the altar of an unknown god.
    62 | D:2      | Became a worshipper of Warmaster Okawaru
    62 | D:2      | Reached * piety under Okawaru
    80 | D:2      | Reached XP level 2. HP: 15/26 MP: 3/3
    86 | D:2      | Reached XP level 3. HP: 5/31 MP: 4/4
   122 | D:2      | Noticed Terence
   174 | D:1      | Reached XP level 4. HP: 36/40 MP: 5/5
   579 | D:4      | Reached skill level 5 in Armour
   725 | D:4      | Reached XP level 5. HP: 45/46 MP: 6/6
   911 | D:5      | Entered Level 5 of the Dungeon
   911 | D:5      | Noticed a black bear
   924 | D:5      | Killed a black bear
   924 | D:5      | Reached ** piety under Okawaru
   925 | D:5      | Reached skill level 5 in Axes
   925 | D:5      | Reached XP level 6. HP: 26/52 MP: 7/7
   926 | D:5      | Noticed Pikel
   948 | D:4      | HP: 2/52 [Pikel/+1 whip of freezing (4)]
   949 | D:4      | Mangled by Pikel

Illustrated notes

Levels and vault maps discovered:
D:1:      psy_arrival_spokes, layout_basic
D:2:      layout_rooms, dreamdust_ecumenical_altar_drowned_temple, uniq_terence,
          uniq_sigmund
D:3:      layout_basic, hangedman_decor_points
D:4:      layout_basic, dk_vineyard_3, columned_hall_lemuel, serial_bayou_ford_a
D:5:      layout_rooms, lemuel_temple_firewalk_b, uniq_duvessa,
          uniq_crazy_yiuf_cottage, uniq_pikel

Skill      XL: |  1  2  3  4  5 |
---------------+----------------+-----
Armour         | 4 5 |  5.0
Axes           | 3 5 |  5.6
Shields        | 4 |  4.0
Fighting       | 4 |  4.0

Action                   |  1- 3 |  4- 6 || total
-------------------------+-------+-------++-------
Melee: War axe           |    43 |   101 ||   144
Evoke: Wand              |       |     1 ||     1
  Use: Scroll            |       |     3 ||     3
       Potion            |       |     4 ||     4
Armor: Scale mail        |    43 |    66 ||   109
Dodge: Dodged            |    26 |    55 ||    81
Block: Buckler           |    21 |    29 ||    50
